 Dungeon Crawl Stone Soup version 0.18.1-48-g4cf74bf (webtiles) character file.

10054 PossumBlood the Warrior (level 11, 0/115 (116) HPs)
             Began as a Minotaur Fighter on Aug 20, 2016.
             Was a High Priest of Okawaru.
             Slain by a cyan ugly thing (14 damage)
             ... on level 11 of the Dungeon.
             The game lasted 00:31:29 (11301 turns).

PossumBlood the Warrior (Minotaur Fighter)         Turns: 11301, Time: 00:31:29

HP:   0/115 (116)   AC: 21    Str: 26    XL:     11   Next: 31%
MP:   10/10         EV:  5    Int:  5    God:    Okawaru [*****.]
Gold: 362           SH: 15    Dex: 14    Spells: 0 memorised, 10 levels left

rFire  . . .     SeeInvis .     a - +2 war axe
rCold  . . .     Gourm    .     F - +0 plate armour
rNeg   . . .     Faith    .     c - +0 shield
rPois  .         Spirit   .     (helmet restricted)
rElec  .         Dismiss  .     D - +1 cloak {MR+}
rCorr  .         Reflect  +     O - +0 pair of gloves
SustAt .         Harm     .     C - +0 pair of boots
MR     +....                    N - +5 amulet of reflection
Stlth  ..........               p - +3 ring of dexterity
                                M - ring "Ynotedadou" {Str+3 Stlth-}

@: somewhat resistant to hostile enchantments, extremely unstealthy
A: retaliatory headbutt, horns 2
a: Heroism, Finesse, Renounce Religion


You were on level 11 of the Dungeon.
You worshipped Okawaru.
Okawaru was extremely pleased with you.
You were hungry.

You visited 1 branch of the dungeon, and saw 11 of its levels.

You collected 797 gold pieces.
You spent 435 gold pieces at shops.

Inventory:

Hand Weapons
 a - a +2 war axe (weapon)
 b - a +0 vampiric spear
Missiles
 k - 16 tomahawks (quivered)
 v - 5 poisoned tomahawks
Armour
 c - a +0 shield (worn)
 C - a +0 pair of boots (worn)
 D - a +1 cloak of magic resistance (worn)
 F - a +0 plate armour (worn)
 O - a +0 pair of gloves (worn)
 Q - the +2 robe "Plog" {rElec rF+ Int-5 Slay+5}
   (You found it on level 10 of the Dungeon)

   It affects your intelligence (-5).
   It affects your accuracy and damage with ranged weapons and melee attacks
   (+5).
   It protects you from fire.
   It insulates you from electricity.
Jewellery
 j - an uncursed ring of wizardry
 n - an uncursed ring of protection from fire
 p - a +3 ring of dexterity (right hand)
 G - an uncursed ring of stealth
 K - an uncursed ring of protection from cold
 M - the ring "Ynotedadou" (left hand) {Str+3 Stlth-}
   (You bought it in a shop on level 10 of the Dungeon)

   [ring of loudness]

   It affects your strength (+3).
   It makes you less stealthy.
 N - a +5 amulet of reflection (around neck)
 T - an uncursed ring of protection from magic
Wands
 d - a wand of flame (27/48)
 r - a wand of random effects (27/48)
 A - a wand of slowing (27/48)
 B - a wand of digging (12/24)
 E - a wand of flame (20/48)
 J - a wand of digging (12/24)
 L - a wand of flame (27/48)
 R - a wand of disintegration (19/24)
 S - a wand of paralysis (7/24)
Scrolls
 g - 9 scrolls of teleportation
 i - 2 scrolls of fear
 u - a scroll of blinking
 w - 3 scrolls of immolation
 y - a scroll of recharging
 H - 4 scrolls of identify
 P - a scroll of magic mapping
Potions
 e - 2 potions of invisibility
 h - 6 potions of agility
 m - 3 potions of brilliance
 q - 4 potions of cure mutation
 s - a potion of curing
 z - 3 potions of magic
 U - a potion of resistance {unknown}
Books
 I - a book of Beasts

   Spells                             Type                      Level
   a - Summon Butterflies             Summoning                    1
   b - Call Canine Familiar           Summoning                    3
   c - Summon Ice Beast               Ice/Summoning                4
   d - Summon Mana Viper              Hexes/Summoning              5
   e - Summon Hydra                   Summoning                    7
Miscellaneous
 x - a plain deck of summoning
Comestibles
 f - 8 bread rations
 l - 3 meat rations
 o - 25 fruits
 t - 3 beef jerkies


   Skills:
 * Level 16.6 Fighting
 - Level 2.4 Axes
 + Level 12.4 Armour
 - Level 3.6 Shields


You had 10 spell levels left.
You didn't know any spells.

Dungeon Overview and Level Annotations

Branches:
Dungeon (11/15)            Temple (0/1) D:7             Orc (0/2) D:9
   Lair: D:8-11

Altars:
Cheibriados
Dithmenos
Elyvilon
Fedhas
Gozag
Nemelex Xobeh
Okawaru
Pakellas
Sif Muna
Vehumet
Yredelemnul
Zin
Beogh

Shops:
D:4 *   D:5 [=[%*   D:10 =


Innate Abilities, Weirdness & Mutations

You reflexively headbutt those who attack you in melee.
You have a pair of horns on your head.


Message History

You closely miss the cyan ugly thing.
You headbutt the cyan ugly thing, but do no damage.
The cyan ugly thing is severely wounded.
You block the cyan ugly thing's attack.
Your shield and plate armour prevent you from hitting the cyan ugly thing.
The cyan ugly thing is severely wounded.
The cyan ugly thing trunk-slaps you but does no damage.
You block the cyan ugly thing's attack.
You slash the cyan ugly thing!
The cyan ugly thing is severely wounded.
You block the cyan ugly thing's attack.
Your shield prevents you from hitting the cyan ugly thing.
The cyan ugly thing is severely wounded.
The cyan ugly thing trunk-slaps you but does no damage.
You hit the cyan ugly thing. You headbutt the cyan ugly thing!
The cyan ugly thing is almost dead.
The cyan ugly thing trunk-slaps you.
* * * LOW HITPOINT WARNING * * *
The cyan ugly thing shocks you!
You die...

#### #.....# #.##### # #.# #
##'######## # #.........#
#####+### ########.........#
#........ .......'.........#
#...?....
########.........####........
# #........@##.†.†...... #
#.........u..#.†...... #
#.........##..........
####'#######.......;.. # #..#
#....≈..≈≈≈ ### ###+#####
#....≈≈≈≈≈≈ ..# #.......#
#...≈.≈≈≈≈. #'## #.......#
#....≈≈≈..≈ ...#####.......#
.≈≈≈.≈≈


You could see a cyan ugly thing.

Vanquished Creatures
  3 hill giants
  3 trolls
  Grinder (D:3)
  2 hippogriffs
  A mottled dragon (D:8)
  2 orc warriors
  4 ice beasts
  3 sky beasts
  2 phantoms
  2 black bears
  6 necrophages (D:8)
  2 wolves (D:11)
  5 ogres
  13 centaurs
  2 big kobolds (D:8)
  8 giant frogs
  5 jellies
  5 scorpions
  6 killer bees (D:7)
  6 wights (D:7)
  A howler monkey (D:6)
  3 crimson imps
  13 hounds
  A centaur zombie (D:10)
  A giant frog zombie (D:5)
  3 quasits
  2 centaur skeletons
  4 giant frog skeletons
  3 human zombies (D:7)
  7 orc priests
  17 orc wizards
  4 iguanas
  A human skeleton (D:7)
  10 worker ants
  A killer bee zombie (D:7)
  2 ogre zombies (D:7)
  A hound zombie (D:5)
  A hound skeleton (D:11)
  Robin (D:2)
  A mummy (D:7)
  2 howler monkey skeletons
  12 adders
  8 gnolls
  A shadow imp (D:10)
  6 oozes
  2 worms
  2 dart slugs (D:3)
  4 giant geckos
  51 orcs
  A bat (D:2)
  12 giant cockroaches
  13 goblins
  15 hobgoblins
  18 jackals
  7 kobolds
  7 quokkas
  A ball python (D:1)
  4 giant newts
  A jackal skeleton (D:4)
  An orc skeleton (D:7)
  An orc zombie (D:7)
  2 quokka skeletons
  5 rats
334 creatures vanquished.

Vanquished Creatures (collateral kills)
  A centaur (D:5)
1 creature vanquished.

Vanquished Creatures (others)
  A bush (D:8)
  9 plants (D:8)
10 creatures vanquished.

Grand Total: 345 creatures vanquished

Notes
Turn   | Place    | Note
--------------------------------------------------------------
     0 | D:1      | PossumBlood the Minotaur Fighter began the quest for the Orb.
     0 | D:1      | Reached XP level 1. HP: 19/19 MP: 0/0
     2 | D:1      | Found a runed door.
   112 | D:1      | Reached skill level 4 in Fighting
   113 | D:1      | Reached XP level 2. HP: 26/27 MP: 1/1
   220 | D:1      | Reached XP level 3. HP: 27/34 MP: 2/2
   694 | D:1      | Reached skill level 5 in Fighting
   985 | D:2      | Noticed Robin
   986 | D:2      | Reached XP level 4. HP: 36/42 MP: 3/3
   992 | D:2      | Killed Robin
  1182 | D:2      | Found a radiant altar of Vehumet.
  1182 | D:2      | Found a snail-covered altar of Cheibriados.
  1559 | D:3      | Reached skill level 5 in Armour
  1742 | D:3      | Reached XP level 5. HP: 50/50 MP: 4/4
  1757 | D:3      | Reached skill level 6 in Fighting
  1828 | D:3      | Noticed Grinder
  1837 | D:3      | Killed Grinder
  1837 | D:3      | Reached skill level 7 in Fighting
  1837 | D:3      | Reached XP level 6. HP: 41/60 MP: 5/5
  2434 | D:4      | Reached skill level 8 in Fighting
  2434 | D:4      | Reached XP level 7. HP: 67/68 MP: 6/6
  2874 | D:4      | Found a sparkling altar of Nemelex Xobeh.
  2911 | D:4      | Found Zylaxzu's General Store.
  2953 | D:4      | Reached skill level 9 in Fighting
  3165 | D:4      | Found a glowing silver altar of Zin.
  3166 | D:4      | Found an opulent altar of Gozag.
  3306 | D:5      | Entered Level 5 of the Dungeon
  3332 | D:5      | Found a white marble altar of Elyvilon.
  3332 | D:5      | Found an oddly glowing altar of Pakellas.
  3505 | D:5      | Found a deep blue altar of Sif Muna.
  3505 | D:5      | Found an iron altar of Okawaru.
  3513 | D:5      | Became a worshipper of Warmaster Okawaru
  3688 | D:5      | Found Qeopneho's Assorted Antiques.
  3690 | D:5      | Found Gittink's Food Shop.
  3694 | D:5      | Bought a scroll labeled EWNUSO XENURPH for 31 gold pieces
  3701 | D:5      | Found Guku Fuh's Armour Emporium.
  3702 | D:5      | Bought a meat ration for 65 gold pieces
  4027 | D:5      | Found Duehah's Antique Armour Emporium.
  4052 | D:5      | Reached XP level 8. HP: 76/79 MP: 7/7
  4059 | D:5      | Bought a runed cloak for 90 gold pieces
  4132 | D:5      | Found Uzus Ut Gyst's Jewellery Boutique.
  4306 | D:6      | Reached skill level 10 in Fighting
  4473 | D:6      | Reached * piety under Okawaru
  4750 | D:6      | Reached skill level 11 in Fighting
  4903 | D:6      | Found a shadowy altar of Dithmenos.
  5621 | D:7      | Reached skill level 12 in Fighting
  5621 | D:7      | Reached XP level 9. HP: 57/90 MP: 8/8
  5774 | D:7      | Reached ** piety under Okawaru
  5992 | D:7      | Found a basalt altar of Yredelemnul.
  6411 | D:7      | Reached skill level 13 in Fighting
  6676 | D:7      | Found a staircase to the Ecumenical Temple.
  7195 | D:8      | Reached *** piety under Okawaru
  7222 | D:8      | Found a blossoming altar of Fedhas.
  7293 | D:8      | Reached skill level 10 in Armour
  7751 | D:8      | Reached skill level 14 in Fighting
  7751 | D:8      | Reached XP level 10. HP: 82/103 MP: 9/9
  7914 | D:8      | Found a blossoming altar of Fedhas.
  8394 | D:9      | Found an iron altar of Okawaru.
  8546 | D:9      | Found a staircase to the Orcish Mines.
  8568 | D:9      | Found a roughly hewn altar of Beogh.
  8685 | D:9      | Reached **** piety under Okawaru
  8892 | D:9      | Reached skill level 15 in Fighting
  9329 | D:10     | Entered Level 10 of the Dungeon
  9415 | D:10     | Found Pivausagg's Jewellery Emporium.
  9421 | D:10     | Bought the ring "Ynotedadou" {Str+3 Stlth-} for 249 gold pieces
  9428 | D:10     | Got a shimmering robe
  9429 | D:10     | Identified the +2 robe "Plog" {rElec rF+ Int-5 Slay+5} (You found it on level 10 of the Dungeon)
  9473 | D:10     | Noticed a hill giant
  9480 | D:10     | Killed a hill giant
  9602 | D:10     | Noticed a hill giant
  9608 | D:10     | Killed a hill giant
 10623 | D:11     | Noticed a hill giant
 10637 | D:11     | Killed a hill giant
 10637 | D:11     | Reached ***** piety under Okawaru
 10637 | D:11     | Received a gift from Okawaru
 10637 | D:11     | Reached skill level 16 in Fighting
 10637 | D:11     | Reached XP level 11. HP: 105/113 MP: 10/10
 11290 | D:11     | Noticed a cyan ugly thing
 11301 | D:11     | Slain by a cyan ugly thing

Skill      XL: |  1  2  3  4  5  6  7  8  9 10 11 |
---------------+----------------------------------+-----
Fighting       | 4 5 7 8 9 12 14 16 | 16.6
Armour         | 4 5 6 7 8 10 11 12 | 12.4
Axes           | |  2.4
Shields        | |  3.6

Action                   |  1- 3 |  4- 6 |  7- 9 | 10-12 || total
-------------------------+-------+-------+-------+-------++-------
Melee: War axe           |    91 |   108 |   401 |   321 ||   921
       Headbutt          |    15 |    15 |    95 |    87 ||   212
Invok: Heroism           |       |       |     1 |       ||     1
  Use: Scroll            |     6 |     2 |     9 |     6 ||    23
       Potion            |       |       |     6 |     2 ||     8
  Eat: Bread ration      |       |     1 |     3 |     1 ||     5
       Fruit             |       |     1 |     7 |     5 ||    13
       Pizza             |       |       |     1 |       ||     1
Armor: Scale mail        |    48 |    39 |    60 |       ||   147
       Plate armour      |       |       |   262 |   256 ||   518
Dodge: Dodged            |    27 |    29 |   108 |    75 ||   239
Block: Shield            |    56 |    49 |   263 |   287 ||   655
       Reflection        |       |       |       |    15 ||    15
